 Dungeon Crawl Stone Soup version 0.28-a0-475-g7dc2aef8ca (webtiles) character file.

Game seed: 10560522004201440044

49 Conn the Firebug (level 3, 0/21 HPs)
             Began as an Octopode Fire Elementalist on Sept 16, 2021.
             Slain by a jackal (2 damage)
             ... on level 3 of the Dungeon.
             The game lasted 00:03:49 (2004 turns).

Conn the Firebug (Octopode Fire Elementalist)       Turns: 2004, Time: 00:03:49

Health: 0/21       AC:  1    Str:  7    XL:     3   Next: 75%
Magic:  4/6        EV: 13    Int: 18    God:
Gold:   123        SH:  0    Dex: 12    Spells: 0/7 levels left

rFire   . . .      SeeInvis .   b - +2 whip (venom)
rCold   . . .      Faith    .   (no shield)
rNeg    . . .      Spirit   .   (helmet restricted)
rPois   .          Reflect  .   (no amulet)
rElec   .          Harm     .   (no ring)
rCorr   .          Rampage  .   (no ring)
Will    .....                   (no ring)
Stlth   ++........              (no ring)
HPRegen 0.07/turn               (no ring)
MPRegen 0.10/turn               (no ring)
                                (no ring)
                                (no ring)

@: confused
A: almost no armour, amphibious, 8 rings, camouflage 1, gelatinous body 1,
(nimble swimmer 1), tentacles
a: no special abilities


You were on level 3 of the Dungeon.
You visited 1 branch of the dungeon, and saw 3 of its levels.

You collected 123 gold pieces.

Inventory:

Hand Weapons
 a - a +0 short sword
 b - a +2 whip of venom (weapon)
Missiles
 g - 5 atropa-tipped darts
Magical Staves
 d - a staff of air
Scrolls
 f - a scroll of vulnerability {unknown}
 h - a scroll of summoning {unknown}
Potions
 c - a potion of curing {unknown}
 e - 2 potions of mutation {unknown}


   Skills:
 + Level 2.2 Dodging
 + Level 2.9 Stealth
 + Level 2.5 Spellcasting
 * Level 1.4 Conjurations
 * Level 0.1 Hexes
 * Level 3.7 Fire Magic


You couldn't memorise any spells.
You knew the following spells:

 Your Spells              Type           Power      Damage    Failure   Level
a - Foxfire               Conj/Fire      44%        2x1d6     6%          1
b - Conjure Flame         Conj/Fire      11%        6-21      19%         3
c - Inner Flame           Hex/Fire       9%         N/A       24%         3

Your spell library contained the following spells:

 Spells                   Type           Power      Damage    Failure   Level
 Scorch                   Fire           30%        2d6       5%          2
 Static Discharge         Conj/Air       4%         N/A       19%         2
 Flame Wave               Conj/Fire      11%        3d4       52%         4
 Sticky Flame             Conj/Fire      11%        2d3       52%         4
 Dispel Undead            Necr           2%         3d7       86%         4


Dungeon Overview and Level Annotations

Branches:
Dungeon (3/15)

Altars:


Innate Abilities, Weirdness & Mutations

You cannot wear most types of armour.
You are amphibious.
You can wear up to eight rings at the same time.
Your skin changes colour to match your surroundings (Stealth+).
Your rubbery body absorbs attacks. (AC +1, EV +1)
((You are camouflaged near water. (Stealth+)))
You have tentacles for arms and can constrict up to eight enemies at once.


Message History

Confirm with . or Enter, or press ? or * to list all spells.
You conjure some foxfire!
The orc wizard gestures at you while chanting.
You resist with significant effort.
Unknown command.
You hit the orc wizard. You grab the orc wizard.
The orc wizard is lightly wounded.
You constrict the orc wizard, but do no damage.
The foxfire hits the orc wizard.
The orc wizard is moderately wounded.
The foxfire hits the orc.
The orc is severely wounded.
The orc throws a boomerang.
The boomerang closely misses you.
The orc wizard hits you with a +0 dagger.
Casting: Foxfire (safe; 6% risk of failure)
Confirm with . or Enter, or press ? or * to list all spells.
You conjure some foxfire!
You constrict the orc wizard.
The orc wizard gestures at you while chanting.
The puff of flame hits you.
Unknown command.
You hit the orc wizard but do no damage.
The orc wizard is moderately wounded.
You constrict the orc wizard.
The orc throws a boomerang.
The boomerang misses you. The orc wizard casts a spell at you.
You are confused.
Unknown command.
You bump into the rock wall.
You constrict the orc wizard. The orc wizard misses you.
Unknown command.
You closely miss your foxfire. You constrict the orc wizard.
The orc hits you with a +0 club.
The orc wizard hits you with a +0 dagger.
* * * LOW HITPOINT WARNING * * *
You closely miss your foxfire. You constrict the orc wizard.
An orc comes into view. It is wielding a +0 dagger.
The orc hits you with a +0 club.
* * * LOW HITPOINT WARNING * * *
The jackal bites you.
You die...

#.##############.#
#.....†.)....(.#.#
##############.#.#
#.#.# #.#.# #.#.#
#.#.# #.#h####
#v@o...# ###o##o#
#.# oh #.# ## #.#
#.. ###


You could see an orc wizard (ally target), 2 orcs and a jackal.

Vanquished Creatures
  A worm (D:2)
  2 dart slugs
  3 ball pythons
  6 bats
  An endoplasm (D:2)
  2 giant cockroaches
  3 goblins (D:2)
  6 hobgoblins
  5 jackals
  A quokka (D:2)
  2 frilled lizards (D:2)
  5 kobolds
  A rat (D:2)
38 creatures vanquished.

Vanquished Creatures (others)
  95 foxfires
95 creatures vanquished.

Grand Total: 133 creatures vanquished

Notes
Turn   | Place    | Note
-------+----------+-------------------------------------------
     0 | D:1      | Conn the Octopode Fire Elementalist began the quest for the
                  | Orb.
     0 | D:1      | Reached XP level 1. HP: 11/11 MP: 3/3
   233 | D:1      | Reached XP level 2. HP: 9/17 MP: 1/5
   531 | D:1      | Found a faded altar of an unknown god.
  1186 | D:2      | Reached XP level 3. HP: 21/21 MP: 3/6
  1942 | D:2      | Learned a level 3 spell: Conjure Flame
  1946 | D:2      | Learned a level 3 spell: Inner Flame
  2004 | D:3      | Slain by a jackal

Illustrated notes

Levels and vault maps discovered:
D:1:      roderic_chinese_lattice_arrival, layout_loops_ring,
          ebering_ecumenical_altar_ruins
D:2:      layout_basic, minmay_cut_off
D:3:      layout_loops_ring, serial_shops, shop

Action                   || total
-------------------------++-------
Melee: Tentacles         ||     3
       Short sword       ||     2
       Constrict         ||     6
       Unarmed           ||     1
       Whip              ||    18
 Cast: Foxfire           ||    57
Armor: Skin              ||     3
Dodge: Dodged            ||    22

Table legend: (Time is in decaauts)
 A = Elapsed time spent in this place.
 B = Non-inter-level travel time spent in this place.
 C = Inter-level travel time spent in this place.
 D = Time resting spent in this place.
 E = Time spent auto-exploring this place.
 F = Levels seen in this place.
 G = Mean time per level.
                   A        B        C        D        E       F      G
               +--------+--------+--------+--------+--------+-----+--------+
         Total |   2004 |   1974 |     30 |      0 |   1562 |   3 |  668.0 |
       Dungeon |   2004 |   1974 |     30 |      0 |   1562 |   3 |  668.0 |
               +--------+--------+--------+--------+--------+-----+--------+

Top non-repeatable levels by time:
     D:1: 1108 daAuts
     D:2: 848 daAuts
     D:3: 47 daAuts
